Workbook

Sheet About
A2: PKC MANAGEMENT CONSULTING
A3: INTERNAL CONTROL HEALTH CHECK | SELF-ASSESSMENT TOOL
B6: Internal Audit Division | F6: Version 1.0 | September 2026
B8: Entity Details
B9: Name of the Entity
B10: Industry / Nature of Business
B11: Annual Turnover
B12: Date of Assessment
B13: Assessed by (Name & Designation)
B15: Instructions for Use
B16: Step 1 | C16: In the Assessment sheet, mark each process area as Applicable (Yes / No). Areas marked 'No' are excluded from the score.
B17: Step 2 | C17: Click the + button on the left of an applicable area to expand its control checks. Click - to collapse it after answering.
B18: Step 3 | C18: Select Yes, Partially, No or Not Applicable against each check, based on the practice actually followed in the entity.
B19: Step 4 | C19: View the Dashboard for the overall rating and the area-wise star rating.
C20: 'Partially' - control exists but is informal, not documented or not followed consistently.
B22: Rating Scale
B23: Control Score | C23: Star Rating | D23: Assessment
B24: 90% and above | C24: ★★★★★ | D24: Strong
B25: 70% - 89% | C25: ★★★★☆ | D25: Good
B26: 50% - 69% | C26: ★★★☆☆ | D26: Needs Improvement
B27: 30% - 49% | C27: ★★☆☆☆ | D27: Weak
B28: Below 30% | C28: ★☆☆☆☆ | D28: Critical
B29: Each control check is weighted according to its risk significance in arriving at the score.
B31: Disclaimer
B32: The results are indicative and are based entirely on the responses furnished by the user. This tool does not constitute an audit, review or any form of assurance. The file works offline and no information is shared with PKC Management Consulting.
B36: PKC Management Consulting | Since 1988 www.pkcindia.com | prashant@pkcindia.com | +91 99627 71177

Sheet Assessment
A2: PKC MANAGEMENT CONSULTING
A3: INTERNAL CONTROL HEALTH CHECK | ASSESSMENT
A5: Step 1: Mark each process area as applicable. Step 2: Click the + button on the left of the area to expand its control checks.
A6: Ref | B6: Process Area / Control Check | C6: Applicable? / Response | D6: Progress | E6: Expand
A7: A | B7: GOVERNANCE & ENTITY-LEVEL CONTROLS | C7: Yes | D7: =IF(C7="No","-",COUNTA(C8:C13)&" of 6 answered") -> 0 of 6 answered | E7: =IF(C7="No","Not applicable","◄ Click + to expand") -> ◄ Click + to expand
A8: A1 | B8: Is there a Board / owner-approved Delegation of Authority (DoA) defining approval limits for purchases, payments, write-offs and hiring?
A9: A2 | B9: Are written SOPs available for key processes (purchase, sales, inventory, payroll) and updated at least once every two years?
A10: A3 | B10: Does management review monthly MIS (budget vs actual, receivables ageing, cash flow) and record the actions agreed?
A11: A4 | B11: Is a risk register maintained identifying key business, financial and compliance risks, with an owner for each?
A12: A5 | B12: Is there a code of conduct acknowledged by employees and a whistle-blower / grievance channel?
A13: A6 | B13: Is there an independent internal audit (in-house or outsourced) whose findings are tracked to closure?
A14: B | B14: PROCURE-TO-PAY | C14: Yes | D14: =IF(C14="No","-",COUNTA(C15:C20)&" of 6 answered") -> 0 of 6 answered | E14: =IF(C14="No","Not applicable","◄ Click + to expand") -> ◄ Click + to expand
A15: B1 | B15: Are new vendors verified (PAN, GSTIN, bank account, MSME status) and approved by someone outside the purchase team before creation in the master?
A16: B2 | B16: Are purchases supported by an approved purchase order / work order before goods or services are received?
A17: B3 | B17: Is a three-way match (PO - GRN - invoice) performed before vendor invoices are booked?
A18: B4 | B18: Are quotations or comparative statements obtained for purchases above a defined value?
A19: B5 | B19: Are vendor ledgers reconciled periodically and long-pending advances / debit balances reviewed?
A20: B6 | B20: Are payments to MSME (micro / small) suppliers tracked against the 45-day statutory payment limit?
A21: C | B21: ORDER-TO-CASH | C21: Yes | D21: =IF(C21="No","-",COUNTA(C22:C27)&" of 6 answered") -> 0 of 6 answered | E21: =IF(C21="No","Not applicable","◄ Click + to expand") -> ◄ Click + to expand
A22: C1 | B22: Are customer credit limits and credit periods approved and enforced in the system?
A23: C2 | B23: Are sales prices and discounts drawn from an approved price list, with deviations separately authorised?
A24: C3 | B24: Is every dispatch supported by an invoice (and e-invoice / e-way bill where applicable), with dispatch-to-invoice reconciliation?
A25: C4 | B25: Is receivables ageing reviewed monthly with documented follow-up on overdue amounts?
A26: C5 | B26: Are credit notes, sales returns and write-offs approved by an authority independent of the sales team?
A27: C6 | B27: Are balance confirmations obtained from major customers at least annually?
A28: D | B28: INVENTORY & WAREHOUSE | C28: Yes | D28: =IF(C28="No","-",COUNTA(C29:C34)&" of 6 answered") -> 0 of 6 answered | E28: =IF(C28="No","Not applicable","◄ Click + to expand") -> ◄ Click + to expand
A29: D1 | B29: Is physical verification of inventory done at defined intervals, with differences investigated and approved before adjustment?
A30: D2 | B30: Are goods receipts and issues recorded in the system on the same day they occur?
A31: D3 | B31: Are slow-moving, expired and obsolete items identified and reviewed periodically?
A32: D4 | B32: Is access to stores restricted, with security / CCTV for high-value items?
A33: D5 | B33: Is material sent to job workers / branches / third-party locations tracked and reconciled?
A34: D6 | B34: Are reorder levels / minimum stock levels defined for key items?
A35: E | B35: PAYROLL & HR | C35: Yes | D35: =IF(C35="No","-",COUNTA(C36:C41)&" of 6 answered") -> 0 of 6 answered | E35: =IF(C35="No","Not applicable","◄ Click + to expand") -> ◄ Click + to expand
A36: E1 | B36: Are additions to and deletions from the payroll master approved by HR and verified by finance?
A37: E2 | B37: Is attendance captured through a system (biometric / app) and linked to payroll processing?
A38: E3 | B38: Is the payroll register reviewed and approved before salaries are released?
A39: E4 | B39: Are PF, ESI, professional tax and TDS on salary computed correctly and deposited within due dates?
A40: E5 | B40: Are full & final settlements checked for recovery of advances, company assets and notice-period dues?
A41: E6 | B41: Are employee advances and loans approved, tracked and recovered as per policy?
A42: F | B42: FIXED ASSETS | C42: Yes | D42: =IF(C42="No","-",COUNTA(C43:C48)&" of 6 answered") -> 0 of 6 answered | E42: =IF(C42="No","Not applicable","◄ Click + to expand") -> ◄ Click + to expand
A43: F1 | B43: Is a Fixed Asset Register maintained with asset ID, location, custodian and cost?
A44: F2 | B44: Are assets physically verified and tagged at least once a year?
A45: F3 | B45: Is capital expenditure approved against a budget before being committed?
A46: F4 | B46: Are disposals and scrap sales approved and accounted, with sale proceeds tracked?
A47: F5 | B47: Are high-value assets adequately insured, with policies renewed on time?
A48: F6 | B48: Is there a written capitalisation policy (threshold, useful lives, capital vs revenue)?
A49: G | B49: CASH, BANK & TREASURY | C49: Yes | D49: =IF(C49="No","-",COUNTA(C50:C55)&" of 6 answered") -> 0 of 6 answered | E49: =IF(C49="No","Not applicable","◄ Click + to expand") -> ◄ Click + to expand
A50: G1 | B50: Are bank reconciliations prepared monthly and reviewed by someone other than the preparer?
A51: G2 | B51: Are payments released with dual authorisation (maker-checker) on net banking?
A52: G3 | B52: Is cash on hand limited, counted on a surprise basis and reconciled with the cash book?
A53: G4 | B53: Are changes to vendor / employee bank details verified independently (for example, call-back) before the first payment?
A54: G5 | B54: Is cash flow forecast regularly and surplus funds invested as per an approved policy?
A55: G6 | B55: Are cheque books, signing authorities and digital tokens kept safely and updated when staff leave?
A56: H | B56: FINANCIAL CLOSE & REPORTING | C56: Yes | D56: =IF(C56="No","-",COUNTA(C57:C62)&" of 6 answered") -> 0 of 6 answered | E56: =IF(C56="No","Not applicable","◄ Click + to expand") -> ◄ Click + to expand
A57: H1 | B57: Are books closed monthly within a defined timeline using a closing checklist?
A58: H2 | B58: Are journal entries, especially manual adjustments, reviewed and approved before posting?
A59: H3 | B59: Are period-end provisions (expenses, gratuity / leave, doubtful debts) estimated and booked?
A60: H4 | B60: Are GST returns, TDS returns and the books of account reconciled monthly / quarterly?
A61: H5 | B61: Are related-party transactions identified, approved and recorded?
A62: H6 | B62: Are inter-branch / inter-company balances reconciled at each period end?
A63: I | B63: STATUTORY COMPLIANCE | C63: Yes | D63: =IF(C63="No","-",COUNTA(C64:C69)&" of 6 answered") -> 0 of 6 answered | E63: =IF(C63="No","Not applicable","◄ Click + to expand") -> ◄ Click + to expand
A64: I1 | B64: Is a compliance calendar maintained with named owners for GST, TDS / TCS, PF / ESI, income tax and ROC?
A65: I2 | B65: Is input tax credit claimed only after matching with GSTR-2B?
A66: I3 | B66: Is TDS / TCS deducted at correct rates, including checks for vendors without a valid PAN?
A67: I4 | B67: Are licences and registrations (trade, factory, FSSAI, Shops & Establishment, etc.) tracked for renewal?
A68: I5 | B68: Are notices from tax and regulatory authorities logged and responded to within timelines?
A69: I6 | B69: Are statutory registers and minutes (Companies Act / LLP Act) maintained and up to date?
A70: J | B70: IT GENERAL CONTROLS (ERP / ACCOUNTING SYSTEM) | C70: Yes | D70: =IF(C70="No","-",COUNTA(C71:C76)&" of 6 answered") -> 0 of 6 answered | E70: =IF(C70="No","Not applicable","◄ Click + to expand") -> ◄ Click + to expand
A71: J1 | B71: Is access to the ERP / accounting system role-based, with user rights reviewed periodically?
A72: J2 | B72: Are user IDs of exited employees disabled promptly?
A73: J3 | B73: Is data backed up regularly, stored off-site / on cloud, with restoration tested?
A74: J4 | B74: Are passwords individual (not shared) and is the audit trail (edit log) enabled in the accounting software?
A75: J5 | B75: Is licensed software and antivirus / endpoint protection used across systems?
A76: J6 | B76: Are changes to master data (items, rates, customers, vendors) logged and approved?
B78: =HYPERLINK("#'Dashboard'!A1","View Dashboard ►") -> View Dashboard ►

Sheet Dashboard
A2: PKC MANAGEMENT CONSULTING
A3: INTERNAL CONTROL HEALTH CHECK | DASHBOARD
B6: Entity | D6: =IF(About!C9="","-",About!C9) -> -
B7: Assessed on | D7: =IF(About!C12="","-",About!C12) -> -
B9: OVERALL CONTROL RATING
B10: =IF(SUM(Calc!I2:I61)=0,"☆☆☆☆☆",REPT("★",MAX(1,ROUND((SUM(Calc!H2:H61)/SUM(Calc!I2:I61))*5,0)))&REPT("☆",5-MAX(1,ROUND((SUM(Calc!H2:H61)/SUM(Calc!I2:I61))*5,0)))) -> ☆☆☆☆☆
B12: =IF(SUM(Calc!I2:I61)=0,"Assessment not yet started",IF((SUM(Calc!H2:H61)/SUM(Calc!I2:I61))>=0.9,"Strong",IF((SUM(Calc!H2:H61)/SUM(Calc!I2:I61))>=0.7,"Good",IF((SUM(Calc!H2:H61)/SUM(Calc!I2:I61))>=0.5,"Needs Improvement",IF((SUM(Calc!H2:H61)/SUM(Calc!I2:I61))>=0.3,"Weak","Critical"))))&" | Control Score "&TEXT(SUM(Calc!H2:H61)/SUM(Calc!I2:I61),"0%")) -> Assessment not yet started
B14: AREAS ASSESSED | D14: CHECKS ANSWERED | F14: HIGH-RISK GAPS
B15: =COUNTIF(D19:D28,"Yes")&" of 10" -> 10 of 10 | D15: =COUNTIFS(Calc!E2:E61,"<>No",Calc!F2:F61,"?*")&" of "&COUNTIF(Calc!E2:E61,"<>No") -> 0 of 60 | F15: =SUM(Calc!J2:J61) -> 0
B17: AREA-WISE RATING
C18: Process Area | D18: Applicable | E18: Score | F18: Rating | G18: Assessment
B19: A | C19: Governance & Entity-Level Controls | D19: =Assessment!C7 -> Yes | E19: =IF(OR(D19="No",SUMIF(Calc!$B$2:$B$61,"A",Calc!$I$2:$I$61)=0),"-",SUMIF(Calc!$B$2:$B$61,"A",Calc!$H$2:$H$61)/SUMIF(Calc!$B$2:$B$61,"A",Calc!$I$2:$I$61)) -> - | F19: =IF(D19="No","",IF(E19="-","☆☆☆☆☆",REPT("★",MAX(1,ROUND(E19*5,0)))&REPT("☆",5-MAX(1,ROUND(E19*5,0))))) -> ☆☆☆☆☆ | G19: =IF(D19="No","Not applicable",IF(E19="-","Pending",IF(E19>=0.9,"Strong",IF(E19>=0.7,"Good",IF(E19>=0.5,"Needs Improvement",IF(E19>=0.3,"Weak","Critical")))))) -> Pending | I19: =IF(ISNUMBER(E19),E19+ROW()/100000,"")
B20: B | C20: Procure-to-Pay | D20: =Assessment!C14 -> Yes | E20: =IF(OR(D20="No",SUMIF(Calc!$B$2:$B$61,"B",Calc!$I$2:$I$61)=0),"-",SUMIF(Calc!$B$2:$B$61,"B",Calc!$H$2:$H$61)/SUMIF(Calc!$B$2:$B$61,"B",Calc!$I$2:$I$61)) -> - | F20: =IF(D20="No","",IF(E20="-","☆☆☆☆☆",REPT("★",MAX(1,ROUND(E20*5,0)))&REPT("☆",5-MAX(1,ROUND(E20*5,0))))) -> ☆☆☆☆☆ | G20: =IF(D20="No","Not applicable",IF(E20="-","Pending",IF(E20>=0.9,"Strong",IF(E20>=0.7,"Good",IF(E20>=0.5,"Needs Improvement",IF(E20>=0.3,"Weak","Critical")))))) -> Pending | I20: =IF(ISNUMBER(E20),E20+ROW()/100000,"")
B21: C | C21: Order-to-Cash | D21: =Assessment!C21 -> Yes | E21: =IF(OR(D21="No",SUMIF(Calc!$B$2:$B$61,"C",Calc!$I$2:$I$61)=0),"-",SUMIF(Calc!$B$2:$B$61,"C",Calc!$H$2:$H$61)/SUMIF(Calc!$B$2:$B$61,"C",Calc!$I$2:$I$61)) -> - | F21: =IF(D21="No","",IF(E21="-","☆☆☆☆☆",REPT("★",MAX(1,ROUND(E21*5,0)))&REPT("☆",5-MAX(1,ROUND(E21*5,0))))) -> ☆☆☆☆☆ | G21: =IF(D21="No","Not applicable",IF(E21="-","Pending",IF(E21>=0.9,"Strong",IF(E21>=0.7,"Good",IF(E21>=0.5,"Needs Improvement",IF(E21>=0.3,"Weak","Critical")))))) -> Pending | I21: =IF(ISNUMBER(E21),E21+ROW()/100000,"")
B22: D | C22: Inventory & Warehouse | D22: =Assessment!C28 -> Yes | E22: =IF(OR(D22="No",SUMIF(Calc!$B$2:$B$61,"D",Calc!$I$2:$I$61)=0),"-",SUMIF(Calc!$B$2:$B$61,"D",Calc!$H$2:$H$61)/SUMIF(Calc!$B$2:$B$61,"D",Calc!$I$2:$I$61)) -> - | F22: =IF(D22="No","",IF(E22="-","☆☆☆☆☆",REPT("★",MAX(1,ROUND(E22*5,0)))&REPT("☆",5-MAX(1,ROUND(E22*5,0))))) -> ☆☆☆☆☆ | G22: =IF(D22="No","Not applicable",IF(E22="-","Pending",IF(E22>=0.9,"Strong",IF(E22>=0.7,"Good",IF(E22>=0.5,"Needs Improvement",IF(E22>=0.3,"Weak","Critical")))))) -> Pending | I22: =IF(ISNUMBER(E22),E22+ROW()/100000,"")
B23: E | C23: Payroll & HR | D23: =Assessment!C35 -> Yes | E23: =IF(OR(D23="No",SUMIF(Calc!$B$2:$B$61,"E",Calc!$I$2:$I$61)=0),"-",SUMIF(Calc!$B$2:$B$61,"E",Calc!$H$2:$H$61)/SUMIF(Calc!$B$2:$B$61,"E",Calc!$I$2:$I$61)) -> - | F23: =IF(D23="No","",IF(E23="-","☆☆☆☆☆",REPT("★",MAX(1,ROUND(E23*5,0)))&REPT("☆",5-MAX(1,ROUND(E23*5,0))))) -> ☆☆☆☆☆ | G23: =IF(D23="No","Not applicable",IF(E23="-","Pending",IF(E23>=0.9,"Strong",IF(E23>=0.7,"Good",IF(E23>=0.5,"Needs Improvement",IF(E23>=0.3,"Weak","Critical")))))) -> Pending | I23: =IF(ISNUMBER(E23),E23+ROW()/100000,"")
B24: F | C24: Fixed Assets | D24: =Assessment!C42 -> Yes | E24: =IF(OR(D24="No",SUMIF(Calc!$B$2:$B$61,"F",Calc!$I$2:$I$61)=0),"-",SUMIF(Calc!$B$2:$B$61,"F",Calc!$H$2:$H$61)/SUMIF(Calc!$B$2:$B$61,"F",Calc!$I$2:$I$61)) -> - | F24: =IF(D24="No","",IF(E24="-","☆☆☆☆☆",REPT("★",MAX(1,ROUND(E24*5,0)))&REPT("☆",5-MAX(1,ROUND(E24*5,0))))) -> ☆☆☆☆☆ | G24: =IF(D24="No","Not applicable",IF(E24="-","Pending",IF(E24>=0.9,"Strong",IF(E24>=0.7,"Good",IF(E24>=0.5,"Needs Improvement",IF(E24>=0.3,"Weak","Critical")))))) -> Pending | I24: =IF(ISNUMBER(E24),E24+ROW()/100000,"")
B25: G | C25: Cash, Bank & Treasury | D25: =Assessment!C49 -> Yes | E25: =IF(OR(D25="No",SUMIF(Calc!$B$2:$B$61,"G",Calc!$I$2:$I$61)=0),"-",SUMIF(Calc!$B$2:$B$61,"G",Calc!$H$2:$H$61)/SUMIF(Calc!$B$2:$B$61,"G",Calc!$I$2:$I$61)) -> - | F25: =IF(D25="No","",IF(E25="-","☆☆☆☆☆",REPT("★",MAX(1,ROUND(E25*5,0)))&REPT("☆",5-MAX(1,ROUND(E25*5,0))))) -> ☆☆☆☆☆ | G25: =IF(D25="No","Not applicable",IF(E25="-","Pending",IF(E25>=0.9,"Strong",IF(E25>=0.7,"Good",IF(E25>=0.5,"Needs Improvement",IF(E25>=0.3,"Weak","Critical")))))) -> Pending | I25: =IF(ISNUMBER(E25),E25+ROW()/100000,"")
B26: H | C26: Financial Close & Reporting | D26: =Assessment!C56 -> Yes | E26: =IF(OR(D26="No",SUMIF(Calc!$B$2:$B$61,"H",Calc!$I$2:$I$61)=0),"-",SUMIF(Calc!$B$2:$B$61,"H",Calc!$H$2:$H$61)/SUMIF(Calc!$B$2:$B$61,"H",Calc!$I$2:$I$61)) -> - | F26: =IF(D26="No","",IF(E26="-","☆☆☆☆☆",REPT("★",MAX(1,ROUND(E26*5,0)))&REPT("☆",5-MAX(1,ROUND(E26*5,0))))) -> ☆☆☆☆☆ | G26: =IF(D26="No","Not applicable",IF(E26="-","Pending",IF(E26>=0.9,"Strong",IF(E26>=0.7,"Good",IF(E26>=0.5,"Needs Improvement",IF(E26>=0.3,"Weak","Critical")))))) -> Pending | I26: =IF(ISNUMBER(E26),E26+ROW()/100000,"")
B27: I | C27: Statutory Compliance | D27: =Assessment!C63 -> Yes | E27: =IF(OR(D27="No",SUMIF(Calc!$B$2:$B$61,"I",Calc!$I$2:$I$61)=0),"-",SUMIF(Calc!$B$2:$B$61,"I",Calc!$H$2:$H$61)/SUMIF(Calc!$B$2:$B$61,"I",Calc!$I$2:$I$61)) -> - | F27: =IF(D27="No","",IF(E27="-","☆☆☆☆☆",REPT("★",MAX(1,ROUND(E27*5,0)))&REPT("☆",5-MAX(1,ROUND(E27*5,0))))) -> ☆☆☆☆☆ | G27: =IF(D27="No","Not applicable",IF(E27="-","Pending",IF(E27>=0.9,"Strong",IF(E27>=0.7,"Good",IF(E27>=0.5,"Needs Improvement",IF(E27>=0.3,"Weak","Critical")))))) -> Pending | I27: =IF(ISNUMBER(E27),E27+ROW()/100000,"")
B28: J | C28: IT General Controls (ERP / Accounting System) | D28: =Assessment!C70 -> Yes | E28: =IF(OR(D28="No",SUMIF(Calc!$B$2:$B$61,"J",Calc!$I$2:$I$61)=0),"-",SUMIF(Calc!$B$2:$B$61,"J",Calc!$H$2:$H$61)/SUMIF(Calc!$B$2:$B$61,"J",Calc!$I$2:$I$61)) -> - | F28: =IF(D28="No","",IF(E28="-","☆☆☆☆☆",REPT("★",MAX(1,ROUND(E28*5,0)))&REPT("☆",5-MAX(1,ROUND(E28*5,0))))) -> ☆☆☆☆☆ | G28: =IF(D28="No","Not applicable",IF(E28="-","Pending",IF(E28>=0.9,"Strong",IF(E28>=0.7,"Good",IF(E28>=0.5,"Needs Improvement",IF(E28>=0.3,"Weak","Critical")))))) -> Pending | I28: =IF(ISNUMBER(E28),E28+ROW()/100000,"")
B30: AREAS REQUIRING ATTENTION
B31: =IF(COUNT($I$19:$I$28)<1,"",1) | C31: =IF(B31="","",INDEX($C$19:$C$28,MATCH(SMALL($I$19:$I$28,1),$I$19:$I$28,0))) | F31: =IF(B31="","",INDEX($F$19:$F$28,MATCH(SMALL($I$19:$I$28,1),$I$19:$I$28,0))) | G31: =IF(B31="","",INDEX($G$19:$G$28,MATCH(SMALL($I$19:$I$28,1),$I$19:$I$28,0)))
B32: =IF(COUNT($I$19:$I$28)<2,"",2) | C32: =IF(B32="","",INDEX($C$19:$C$28,MATCH(SMALL($I$19:$I$28,2),$I$19:$I$28,0))) | F32: =IF(B32="","",INDEX($F$19:$F$28,MATCH(SMALL($I$19:$I$28,2),$I$19:$I$28,0))) | G32: =IF(B32="","",INDEX($G$19:$G$28,MATCH(SMALL($I$19:$I$28,2),$I$19:$I$28,0)))
B33: =IF(COUNT($I$19:$I$28)<3,"",3) | C33: =IF(B33="","",INDEX($C$19:$C$28,MATCH(SMALL($I$19:$I$28,3),$I$19:$I$28,0))) | F33: =IF(B33="","",INDEX($F$19:$F$28,MATCH(SMALL($I$19:$I$28,3),$I$19:$I$28,0))) | G33: =IF(B33="","",INDEX($G$19:$G$28,MATCH(SMALL($I$19:$I$28,3),$I$19:$I$28,0)))
B35: Rated below four stars in any area? The PKC Internal Audit team can independently evaluate these controls and assist in strengthening them. www.pkcindia.com | prashant@pkcindia.com | +91 99627 71177

Sheet Calc
A1: Ref | B1: Area | C1: Risk | D1: Weight | E1: Area Applicable | F1: Response | G1: Credit | H1: Score | I1: Max | J1: HighRiskNo
A2: =Assessment!A8 -> A1 | B2: A | C2: High | D2: 3 | E2: =Assessment!$C$7 -> Yes | F2: =IF(Assessment!C8="","",Assessment!C8) | G2: =IF(OR(E2="No",F2="",F2="Not Applicable"),"",IF(F2="Yes",1,IF(F2="Partially",0.5,0))) | H2: =IF(G2="",0,D2*G2) -> 0 | I2: =IF(G2="",0,D2) -> 0 | J2: =IF(AND(E2<>"No",C2="High",F2="No"),1,0) -> 0
A3: =Assessment!A9 -> A2 | B3: A | C3: Medium | D3: 2 | E3: =Assessment!$C$7 -> Yes | F3: =IF(Assessment!C9="","",Assessment!C9) | G3: =IF(OR(E3="No",F3="",F3="Not Applicable"),"",IF(F3="Yes",1,IF(F3="Partially",0.5,0))) | H3: =IF(G3="",0,D3*G3) -> 0 | I3: =IF(G3="",0,D3) -> 0 | J3: =IF(AND(E3<>"No",C3="High",F3="No"),1,0) -> 0
A4: =Assessment!A10 -> A3 | B4: A | C4: High | D4: 3 | E4: =Assessment!$C$7 -> Yes | F4: =IF(Assessment!C10="","",Assessment!C10) | G4: =IF(OR(E4="No",F4="",F4="Not Applicable"),"",IF(F4="Yes",1,IF(F4="Partially",0.5,0))) | H4: =IF(G4="",0,D4*G4) -> 0 | I4: =IF(G4="",0,D4) -> 0 | J4: =IF(AND(E4<>"No",C4="High",F4="No"),1,0) -> 0
A5: =Assessment!A11 -> A4 | B5: A | C5: Medium | D5: 2 | E5: =Assessment!$C$7 -> Yes | F5: =IF(Assessment!C11="","",Assessment!C11) | G5: =IF(OR(E5="No",F5="",F5="Not Applicable"),"",IF(F5="Yes",1,IF(F5="Partially",0.5,0))) | H5: =IF(G5="",0,D5*G5) -> 0 | I5: =IF(G5="",0,D5) -> 0 | J5: =IF(AND(E5<>"No",C5="High",F5="No"),1,0) -> 0
A6: =Assessment!A12 -> A5 | B6: A | C6: Medium | D6: 2 | E6: =Assessment!$C$7 -> Yes | F6: =IF(Assessment!C12="","",Assessment!C12) | G6: =IF(OR(E6="No",F6="",F6="Not Applicable"),"",IF(F6="Yes",1,IF(F6="Partially",0.5,0))) | H6: =IF(G6="",0,D6*G6) -> 0 | I6: =IF(G6="",0,D6) -> 0 | J6: =IF(AND(E6<>"No",C6="High",F6="No"),1,0) -> 0
A7: =Assessment!A13 -> A6 | B7: A | C7: High | D7: 3 | E7: =Assessment!$C$7 -> Yes | F7: =IF(Assessment!C13="","",Assessment!C13) | G7: =IF(OR(E7="No",F7="",F7="Not Applicable"),"",IF(F7="Yes",1,IF(F7="Partially",0.5,0))) | H7: =IF(G7="",0,D7*G7) -> 0 | I7: =IF(G7="",0,D7) -> 0 | J7: =IF(AND(E7<>"No",C7="High",F7="No"),1,0) -> 0
A8: =Assessment!A15 -> B1 | B8: B | C8: High | D8: 3 | E8: =Assessment!$C$14 -> Yes | F8: =IF(Assessment!C15="","",Assessment!C15) | G8: =IF(OR(E8="No",F8="",F8="Not Applicable"),"",IF(F8="Yes",1,IF(F8="Partially",0.5,0))) | H8: =IF(G8="",0,D8*G8) -> 0 | I8: =IF(G8="",0,D8) -> 0 | J8: =IF(AND(E8<>"No",C8="High",F8="No"),1,0) -> 0
A9: =Assessment!A16 -> B2 | B9: B | C9: High | D9: 3 | E9: =Assessment!$C$14 -> Yes | F9: =IF(Assessment!C16="","",Assessment!C16) | G9: =IF(OR(E9="No",F9="",F9="Not Applicable"),"",IF(F9="Yes",1,IF(F9="Partially",0.5,0))) | H9: =IF(G9="",0,D9*G9) -> 0 | I9: =IF(G9="",0,D9) -> 0 | J9: =IF(AND(E9<>"No",C9="High",F9="No"),1,0) -> 0
A10: =Assessment!A17 -> B3 | B10: B | C10: High | D10: 3 | E10: =Assessment!$C$14 -> Yes | F10: =IF(Assessment!C17="","",Assessment!C17) | G10: =IF(OR(E10="No",F10="",F10="Not Applicable"),"",IF(F10="Yes",1,IF(F10="Partially",0.5,0))) | H10: =IF(G10="",0,D10*G10) -> 0 | I10: =IF(G10="",0,D10) -> 0 | J10: =IF(AND(E10<>"No",C10="High",F10="No"),1,0) -> 0
A11: =Assessment!A18 -> B4 | B11: B | C11: Medium | D11: 2 | E11: =Assessment!$C$14 -> Yes | F11: =IF(Assessment!C18="","",Assessment!C18) | G11: =IF(OR(E11="No",F11="",F11="Not Applicable"),"",IF(F11="Yes",1,IF(F11="Partially",0.5,0))) | H11: =IF(G11="",0,D11*G11) -> 0 | I11: =IF(G11="",0,D11) -> 0 | J11: =IF(AND(E11<>"No",C11="High",F11="No"),1,0) -> 0
A12: =Assessment!A19 -> B5 | B12: B | C12: Medium | D12: 2 | E12: =Assessment!$C$14 -> Yes | F12: =IF(Assessment!C19="","",Assessment!C19) | G12: =IF(OR(E12="No",F12="",F12="Not Applicable"),"",IF(F12="Yes",1,IF(F12="Partially",0.5,0))) | H12: =IF(G12="",0,D12*G12) -> 0 | I12: =IF(G12="",0,D12) -> 0 | J12: =IF(AND(E12<>"No",C12="High",F12="No"),1,0) -> 0
A13: =Assessment!A20 -> B6 | B13: B | C13: Medium | D13: 2 | E13: =Assessment!$C$14 -> Yes | F13: =IF(Assessment!C20="","",Assessment!C20) | G13: =IF(OR(E13="No",F13="",F13="Not Applicable"),"",IF(F13="Yes",1,IF(F13="Partially",0.5,0))) | H13: =IF(G13="",0,D13*G13) -> 0 | I13: =IF(G13="",0,D13) -> 0 | J13: =IF(AND(E13<>"No",C13="High",F13="No"),1,0) -> 0
A14: =Assessment!A22 -> C1 | B14: C | C14: High | D14: 3 | E14: =Assessment!$C$21 -> Yes | F14: =IF(Assessment!C22="","",Assessment!C22) | G14: =IF(OR(E14="No",F14="",F14="Not Applicable"),"",IF(F14="Yes",1,IF(F14="Partially",0.5,0))) | H14: =IF(G14="",0,D14*G14) -> 0 | I14: =IF(G14="",0,D14) -> 0 | J14: =IF(AND(E14<>"No",C14="High",F14="No"),1,0) -> 0
A15: =Assessment!A23 -> C2 | B15: C | C15: High | D15: 3 | E15: =Assessment!$C$21 -> Yes | F15: =IF(Assessment!C23="","",Assessment!C23) | G15: =IF(OR(E15="No",F15="",F15="Not Applicable"),"",IF(F15="Yes",1,IF(F15="Partially",0.5,0))) | H15: =IF(G15="",0,D15*G15) -> 0 | I15: =IF(G15="",0,D15) -> 0 | J15: =IF(AND(E15<>"No",C15="High",F15="No"),1,0) -> 0
A16: =Assessment!A24 -> C3 | B16: C | C16: High | D16: 3 | E16: =Assessment!$C$21 -> Yes | F16: =IF(Assessment!C24="","",Assessment!C24) | G16: =IF(OR(E16="No",F16="",F16="Not Applicable"),"",IF(F16="Yes",1,IF(F16="Partially",0.5,0))) | H16: =IF(G16="",0,D16*G16) -> 0 | I16: =IF(G16="",0,D16) -> 0 | J16: =IF(AND(E16<>"No",C16="High",F16="No"),1,0) -> 0
A17: =Assessment!A25 -> C4 | B17: C | C17: Medium | D17: 2 | E17: =Assessment!$C$21 -> Yes | F17: =IF(Assessment!C25="","",Assessment!C25) | G17: =IF(OR(E17="No",F17="",F17="Not Applicable"),"",IF(F17="Yes",1,IF(F17="Partially",0.5,0))) | H17: =IF(G17="",0,D17*G17) -> 0 | I17: =IF(G17="",0,D17) -> 0 | J17: =IF(AND(E17<>"No",C17="High",F17="No"),1,0) -> 0
A18: =Assessment!A26 -> C5 | B18: C | C18: High | D18: 3 | E18: =Assessment!$C$21 -> Yes | F18: =IF(Assessment!C26="","",Assessment!C26) | G18: =IF(OR(E18="No",F18="",F18="Not Applicable"),"",IF(F18="Yes",1,IF(F18="Partially",0.5,0))) | H18: =IF(G18="",0,D18*G18) -> 0 | I18: =IF(G18="",0,D18) -> 0 | J18: =IF(AND(E18<>"No",C18="High",F18="No"),1,0) -> 0
A19: =Assessment!A27 -> C6 | B19: C | C19: Low | D19: 1 | E19: =Assessment!$C$21 -> Yes | F19: =IF(Assessment!C27="","",Assessment!C27) | G19: =IF(OR(E19="No",F19="",F19="Not Applicable"),"",IF(F19="Yes",1,IF(F19="Partially",0.5,0))) | H19: =IF(G19="",0,D19*G19) -> 0 | I19: =IF(G19="",0,D19) -> 0 | J19: =IF(AND(E19<>"No",C19="High",F19="No"),1,0) -> 0
A20: =Assessment!A29 -> D1 | B20: D | C20: High | D20: 3 | E20: =Assessment!$C$28 -> Yes | F20: =IF(Assessment!C29="","",Assessment!C29) | G20: =IF(OR(E20="No",F20="",F20="Not Applicable"),"",IF(F20="Yes",1,IF(F20="Partially",0.5,0))) | H20: =IF(G20="",0,D20*G20) -> 0 | I20: =IF(G20="",0,D20) -> 0 | J20: =IF(AND(E20<>"No",C20="High",F20="No"),1,0) -> 0
A21: =Assessment!A30 -> D2 | B21: D | C21: Medium | D21: 2 | E21: =Assessment!$C$28 -> Yes | F21: =IF(Assessment!C30="","",Assessment!C30) | G21: =IF(OR(E21="No",F21="",F21="Not Applicable"),"",IF(F21="Yes",1,IF(F21="Partially",0.5,0))) | H21: =IF(G21="",0,D21*G21) -> 0 | I21: =IF(G21="",0,D21) -> 0 | J21: =IF(AND(E21<>"No",C21="High",F21="No"),1,0) -> 0
A22: =Assessment!A31 -> D3 | B22: D | C22: Medium | D22: 2 | E22: =Assessment!$C$28 -> Yes | F22: =IF(Assessment!C31="","",Assessment!C31) | G22: =IF(OR(E22="No",F22="",F22="Not Applicable"),"",IF(F22="Yes",1,IF(F22="Partially",0.5,0))) | H22: =IF(G22="",0,D22*G22) -> 0 | I22: =IF(G22="",0,D22) -> 0 | J22: =IF(AND(E22<>"No",C22="High",F22="No"),1,0) -> 0
A23: =Assessment!A32 -> D4 | B23: D | C23: Medium | D23: 2 | E23: =Assessment!$C$28 -> Yes | F23: =IF(Assessment!C32="","",Assessment!C32) | G23: =IF(OR(E23="No",F23="",F23="Not Applicable"),"",IF(F23="Yes",1,IF(F23="Partially",0.5,0))) | H23: =IF(G23="",0,D23*G23) -> 0 | I23: =IF(G23="",0,D23) -> 0 | J23: =IF(AND(E23<>"No",C23="High",F23="No"),1,0) -> 0
A24: =Assessment!A33 -> D5 | B24: D | C24: Medium | D24: 2 | E24: =Assessment!$C$28 -> Yes | F24: =IF(Assessment!C33="","",Assessment!C33) | G24: =IF(OR(E24="No",F24="",F24="Not Applicable"),"",IF(F24="Yes",1,IF(F24="Partially",0.5,0))) | H24: =IF(G24="",0,D24*G24) -> 0 | I24: =IF(G24="",0,D24) -> 0 | J24: =IF(AND(E24<>"No",C24="High",F24="No"),1,0) -> 0
A25: =Assessment!A34 -> D6 | B25: D | C25: Low | D25: 1 | E25: =Assessment!$C$28 -> Yes | F25: =IF(Assessment!C34="","",Assessment!C34) | G25: =IF(OR(E25="No",F25="",F25="Not Applicable"),"",IF(F25="Yes",1,IF(F25="Partially",0.5,0))) | H25: =IF(G25="",0,D25*G25) -> 0 | I25: =IF(G25="",0,D25) -> 0 | J25: =IF(AND(E25<>"No",C25="High",F25="No"),1,0) -> 0
A26: =Assessment!A36 -> E1 | B26: E | C26: High | D26: 3 | E26: =Assessment!$C$35 -> Yes | F26: =IF(Assessment!C36="","",Assessment!C36) | G26: =IF(OR(E26="No",F26="",F26="Not Applicable"),"",IF(F26="Yes",1,IF(F26="Partially",0.5,0))) | H26: =IF(G26="",0,D26*G26) -> 0 | I26: =IF(G26="",0,D26) -> 0 | J26: =IF(AND(E26<>"No",C26="High",F26="No"),1,0) -> 0
A27: =Assessment!A37 -> E2 | B27: E | C27: Medium | D27: 2 | E27: =Assessment!$C$35 -> Yes | F27: =IF(Assessment!C37="","",Assessment!C37) | G27: =IF(OR(E27="No",F27="",F27="Not Applicable"),"",IF(F27="Yes",1,IF(F27="Partially",0.5,0))) | H27: =IF(G27="",0,D27*G27) -> 0 | I27: =IF(G27="",0,D27) -> 0 | J27: =IF(AND(E27<>"No",C27="High",F27="No"),1,0) -> 0
A28: =Assessment!A38 -> E3 | B28: E | C28: High | D28: 3 | E28: =Assessment!$C$35 -> Yes | F28: =IF(Assessment!C38="","",Assessment!C38) | G28: =IF(OR(E28="No",F28="",F28="Not Applicable"),"",IF(F28="Yes",1,IF(F28="Partially",0.5,0))) | H28: =IF(G28="",0,D28*G28) -> 0 | I28: =IF(G28="",0,D28) -> 0 | J28: =IF(AND(E28<>"No",C28="High",F28="No"),1,0) -> 0
A29: =Assessment!A39 -> E4 | B29: E | C29: High | D29: 3 | E29: =Assessment!$C$35 -> Yes | F29: =IF(Assessment!C39="","",Assessment!C39) | G29: =IF(OR(E29="No",F29="",F29="Not Applicable"),"",IF(F29="Yes",1,IF(F29="Partially",0.5,0))) | H29: =IF(G29="",0,D29*G29) -> 0 | I29: =IF(G29="",0,D29) -> 0 | J29: =IF(AND(E29<>"No",C29="High",F29="No"),1,0) -> 0
A30: =Assessment!A40 -> E5 | B30: E | C30: Medium | D30: 2 | E30: =Assessment!$C$35 -> Yes | F30: =IF(Assessment!C40="","",Assessment!C40) | G30: =IF(OR(E30="No",F30="",F30="Not Applicable"),"",IF(F30="Yes",1,IF(F30="Partially",0.5,0))) | H30: =IF(G30="",0,D30*G30) -> 0 | I30: =IF(G30="",0,D30) -> 0 | J30: =IF(AND(E30<>"No",C30="High",F30="No"),1,0) -> 0
A31: =Assessment!A41 -> E6 | B31: E | C31: Low | D31: 1 | E31: =Assessment!$C$35 -> Yes | F31: =IF(Assessment!C41="","",Assessment!C41) | G31: =IF(OR(E31="No",F31="",F31="Not Applicable"),"",IF(F31="Yes",1,IF(F31="Partially",0.5,0))) | H31: =IF(G31="",0,D31*G31) -> 0 | I31: =IF(G31="",0,D31) -> 0 | J31: =IF(AND(E31<>"No",C31="High",F31="No"),1,0) -> 0
A32: =Assessment!A43 -> F1 | B32: F | C32: High | D32: 3 | E32: =Assessment!$C$42 -> Yes | F32: =IF(Assessment!C43="","",Assessment!C43) | G32: =IF(OR(E32="No",F32="",F32="Not Applicable"),"",IF(F32="Yes",1,IF(F32="Partially",0.5,0))) | H32: =IF(G32="",0,D32*G32) -> 0 | I32: =IF(G32="",0,D32) -> 0 | J32: =IF(AND(E32<>"No",C32="High",F32="No"),1,0) -> 0
A33: =Assessment!A44 -> F2 | B33: F | C33: Medium | D33: 2 | E33: =Assessment!$C$42 -> Yes | F33: =IF(Assessment!C44="","",Assessment!C44) | G33: =IF(OR(E33="No",F33="",F33="Not Applicable"),"",IF(F33="Yes",1,IF(F33="Partially",0.5,0))) | H33: =IF(G33="",0,D33*G33) -> 0 | I33: =IF(G33="",0,D33) -> 0 | J33: =IF(AND(E33<>"No",C33="High",F33="No"),1,0) -> 0
A34: =Assessment!A45 -> F3 | B34: F | C34: Medium | D34: 2 | E34: =Assessment!$C$42 -> Yes | F34: =IF(Assessment!C45="","",Assessment!C45) | G34: =IF(OR(E34="No",F34="",F34="Not Applicable"),"",IF(F34="Yes",1,IF(F34="Partially",0.5,0))) | H34: =IF(G34="",0,D34*G34) -> 0 | I34: =IF(G34="",0,D34) -> 0 | J34: =IF(AND(E34<>"No",C34="High",F34="No"),1,0) -> 0
A35: =Assessment!A46 -> F4 | B35: F | C35: Medium | D35: 2 | E35: =Assessment!$C$42 -> Yes | F35: =IF(Assessment!C46="","",Assessment!C46) | G35: =IF(OR(E35="No",F35="",F35="Not Applicable"),"",IF(F35="Yes",1,IF(F35="Partially",0.5,0))) | H35: =IF(G35="",0,D35*G35) -> 0 | I35: =IF(G35="",0,D35) -> 0 | J35: =IF(AND(E35<>"No",C35="High",F35="No"),1,0) -> 0
A36: =Assessment!A47 -> F5 | B36: F | C36: Low | D36: 1 | E36: =Assessment!$C$42 -> Yes | F36: =IF(Assessment!C47="","",Assessment!C47) | G36: =IF(OR(E36="No",F36="",F36="Not Applicable"),"",IF(F36="Yes",1,IF(F36="Partially",0.5,0))) | H36: =IF(G36="",0,D36*G36) -> 0 | I36: =IF(G36="",0,D36) -> 0 | J36: =IF(AND(E36<>"No",C36="High",F36="No"),1,0) -> 0
A37: =Assessment!A48 -> F6 | B37: F | C37: Low | D37: 1 | E37: =Assessment!$C$42 -> Yes | F37: =IF(Assessment!C48="","",Assessment!C48) | G37: =IF(OR(E37="No",F37="",F37="Not Applicable"),"",IF(F37="Yes",1,IF(F37="Partially",0.5,0))) | H37: =IF(G37="",0,D37*G37) -> 0 | I37: =IF(G37="",0,D37) -> 0 | J37: =IF(AND(E37<>"No",C37="High",F37="No"),1,0) -> 0
A38: =Assessment!A50 -> G1 | B38: G | C38: High | D38: 3 | E38: =Assessment!$C$49 -> Yes | F38: =IF(Assessment!C50="","",Assessment!C50) | G38: =IF(OR(E38="No",F38="",F38="Not Applicable"),"",IF(F38="Yes",1,IF(F38="Partially",0.5,0))) | H38: =IF(G38="",0,D38*G38) -> 0 | I38: =IF(G38="",0,D38) -> 0 | J38: =IF(AND(E38<>"No",C38="High",F38="No"),1,0) -> 0
A39: =Assessment!A51 -> G2 | B39: G | C39: High | D39: 3 | E39: =Assessment!$C$49 -> Yes | F39: =IF(Assessment!C51="","",Assessment!C51) | G39: =IF(OR(E39="No",F39="",F39="Not Applicable"),"",IF(F39="Yes",1,IF(F39="Partially",0.5,0))) | H39: =IF(G39="",0,D39*G39) -> 0 | I39: =IF(G39="",0,D39) -> 0 | J39: =IF(AND(E39<>"No",C39="High",F39="No"),1,0) -> 0
A40: =Assessment!A52 -> G3 | B40: G | C40: Medium | D40: 2 | E40: =Assessment!$C$49 -> Yes | F40: =IF(Assessment!C52="","",Assessment!C52) | G40: =IF(OR(E40="No",F40="",F40="Not Applicable"),"",IF(F40="Yes",1,IF(F40="Partially",0.5,0))) | H40: =IF(G40="",0,D40*G40) -> 0 | I40: =IF(G40="",0,D40) -> 0 | J40: =IF(AND(E40<>"No",C40="High",F40="No"),1,0) -> 0
A41: =Assessment!A53 -> G4 | B41: G | C41: High | D41: 3 | E41: =Assessment!$C$49 -> Yes | F41: =IF(Assessment!C53="","",Assessment!C53) | G41: =IF(OR(E41="No",F41="",F41="Not Applicable"),"",IF(F41="Yes",1,IF(F41="Partially",0.5,0))) | H41: =IF(G41="",0,D41*G41) -> 0 | I41: =IF(G41="",0,D41) -> 0 | J41: =IF(AND(E41<>"No",C41="High",F41="No"),1,0) -> 0
A42: =Assessment!A54 -> G5 | B42: G | C42: Low | D42: 1 | E42: =Assessment!$C$49 -> Yes | F42: =IF(Assessment!C54="","",Assessment!C54) | G42: =IF(OR(E42="No",F42="",F42="Not Applicable"),"",IF(F42="Yes",1,IF(F42="Partially",0.5,0))) | H42: =IF(G42="",0,D42*G42) -> 0 | I42: =IF(G42="",0,D42) -> 0 | J42: =IF(AND(E42<>"No",C42="High",F42="No"),1,0) -> 0
A43: =Assessment!A55 -> G6 | B43: G | C43: Medium | D43: 2 | E43: =Assessment!$C$49 -> Yes | F43: =IF(Assessment!C55="","",Assessment!C55) | G43: =IF(OR(E43="No",F43="",F43="Not Applicable"),"",IF(F43="Yes",1,IF(F43="Partially",0.5,0))) | H43: =IF(G43="",0,D43*G43) -> 0 | I43: =IF(G43="",0,D43) -> 0 | J43: =IF(AND(E43<>"No",C43="High",F43="No"),1,0) -> 0
A44: =Assessment!A57 -> H1 | B44: H | C44: Medium | D44: 2 | E44: =Assessment!$C$56 -> Yes | F44: =IF(Assessment!C57="","",Assessment!C57) | G44: =IF(OR(E44="No",F44="",F44="Not Applicable"),"",IF(F44="Yes",1,IF(F44="Partially",0.5,0))) | H44: =IF(G44="",0,D44*G44) -> 0 | I44: =IF(G44="",0,D44) -> 0 | J44: =IF(AND(E44<>"No",C44="High",F44="No"),1,0) -> 0
A45: =Assessment!A58 -> H2 | B45: H | C45: High | D45: 3 | E45: =Assessment!$C$56 -> Yes | F45: =IF(Assessment!C58="","",Assessment!C58) | G45: =IF(OR(E45="No",F45="",F45="Not Applicable"),"",IF(F45="Yes",1,IF(F45="Partially",0.5,0))) | H45: =IF(G45="",0,D45*G45) -> 0 | I45: =IF(G45="",0,D45) -> 0 | J45: =IF(AND(E45<>"No",C45="High",F45="No"),1,0) -> 0
A46: =Assessment!A59 -> H3 | B46: H | C46: Medium | D46: 2 | E46: =Assessment!$C$56 -> Yes | F46: =IF(Assessment!C59="","",Assessment!C59) | G46: =IF(OR(E46="No",F46="",F46="Not Applicable"),"",IF(F46="Yes",1,IF(F46="Partially",0.5,0))) | H46: =IF(G46="",0,D46*G46) -> 0 | I46: =IF(G46="",0,D46) -> 0 | J46: =IF(AND(E46<>"No",C46="High",F46="No"),1,0) -> 0
A47: =Assessment!A60 -> H4 | B47: H | C47: High | D47: 3 | E47: =Assessment!$C$56 -> Yes | F47: =IF(Assessment!C60="","",Assessment!C60) | G47: =IF(OR(E47="No",F47="",F47="Not Applicable"),"",IF(F47="Yes",1,IF(F47="Partially",0.5,0))) | H47: =IF(G47="",0,D47*G47) -> 0 | I47: =IF(G47="",0,D47) -> 0 | J47: =IF(AND(E47<>"No",C47="High",F47="No"),1,0) -> 0
A48: =Assessment!A61 -> H5 | B48: H | C48: High | D48: 3 | E48: =Assessment!$C$56 -> Yes | F48: =IF(Assessment!C61="","",Assessment!C61) | G48: =IF(OR(E48="No",F48="",F48="Not Applicable"),"",IF(F48="Yes",1,IF(F48="Partially",0.5,0))) | H48: =IF(G48="",0,D48*G48) -> 0 | I48: =IF(G48="",0,D48) -> 0 | J48: =IF(AND(E48<>"No",C48="High",F48="No"),1,0) -> 0
A49: =Assessment!A62 -> H6 | B49: H | C49: Medium | D49: 2 | E49: =Assessment!$C$56 -> Yes | F49: =IF(Assessment!C62="","",Assessment!C62) | G49: =IF(OR(E49="No",F49="",F49="Not Applicable"),"",IF(F49="Yes",1,IF(F49="Partially",0.5,0))) | H49: =IF(G49="",0,D49*G49) -> 0 | I49: =IF(G49="",0,D49) -> 0 | J49: =IF(AND(E49<>"No",C49="High",F49="No"),1,0) -> 0
A50: =Assessment!A64 -> I1 | B50: I | C50: High | D50: 3 | E50: =Assessment!$C$63 -> Yes | F50: =IF(Assessment!C64="","",Assessment!C64) | G50: =IF(OR(E50="No",F50="",F50="Not Applicable"),"",IF(F50="Yes",1,IF(F50="Partially",0.5,0))) | H50: =IF(G50="",0,D50*G50) -> 0 | I50: =IF(G50="",0,D50) -> 0 | J50: =IF(AND(E50<>"No",C50="High",F50="No"),1,0) -> 0
A51: =Assessment!A65 -> I2 | B51: I | C51: High | D51: 3 | E51: =Assessment!$C$63 -> Yes | F51: =IF(Assessment!C65="","",Assessment!C65) | G51: =IF(OR(E51="No",F51="",F51="Not Applicable"),"",IF(F51="Yes",1,IF(F51="Partially",0.5,0))) | H51: =IF(G51="",0,D51*G51) -> 0 | I51: =IF(G51="",0,D51) -> 0 | J51: =IF(AND(E51<>"No",C51="High",F51="No"),1,0) -> 0
A52: =Assessment!A66 -> I3 | B52: I | C52: High | D52: 3 | E52: =Assessment!$C$63 -> Yes | F52: =IF(Assessment!C66="","",Assessment!C66) | G52: =IF(OR(E52="No",F52="",F52="Not Applicable"),"",IF(F52="Yes",1,IF(F52="Partially",0.5,0))) | H52: =IF(G52="",0,D52*G52) -> 0 | I52: =IF(G52="",0,D52) -> 0 | J52: =IF(AND(E52<>"No",C52="High",F52="No"),1,0) -> 0
A53: =Assessment!A67 -> I4 | B53: I | C53: Medium | D53: 2 | E53: =Assessment!$C$63 -> Yes | F53: =IF(Assessment!C67="","",Assessment!C67) | G53: =IF(OR(E53="No",F53="",F53="Not Applicable"),"",IF(F53="Yes",1,IF(F53="Partially",0.5,0))) | H53: =IF(G53="",0,D53*G53) -> 0 | I53: =IF(G53="",0,D53) -> 0 | J53: =IF(AND(E53<>"No",C53="High",F53="No"),1,0) -> 0
A54: =Assessment!A68 -> I5 | B54: I | C54: High | D54: 3 | E54: =Assessment!$C$63 -> Yes | F54: =IF(Assessment!C68="","",Assessment!C68) | G54: =IF(OR(E54="No",F54="",F54="Not Applicable"),"",IF(F54="Yes",1,IF(F54="Partially",0.5,0))) | H54: =IF(G54="",0,D54*G54) -> 0 | I54: =IF(G54="",0,D54) -> 0 | J54: =IF(AND(E54<>"No",C54="High",F54="No"),1,0) -> 0
A55: =Assessment!A69 -> I6 | B55: I | C55: Low | D55: 1 | E55: =Assessment!$C$63 -> Yes | F55: =IF(Assessment!C69="","",Assessment!C69) | G55: =IF(OR(E55="No",F55="",F55="Not Applicable"),"",IF(F55="Yes",1,IF(F55="Partially",0.5,0))) | H55: =IF(G55="",0,D55*G55) -> 0 | I55: =IF(G55="",0,D55) -> 0 | J55: =IF(AND(E55<>"No",C55="High",F55="No"),1,0) -> 0
A56: =Assessment!A71 -> J1 | B56: J | C56: High | D56: 3 | E56: =Assessment!$C$70 -> Yes | F56: =IF(Assessment!C71="","",Assessment!C71) | G56: =IF(OR(E56="No",F56="",F56="Not Applicable"),"",IF(F56="Yes",1,IF(F56="Partially",0.5,0))) | H56: =IF(G56="",0,D56*G56) -> 0 | I56: =IF(G56="",0,D56) -> 0 | J56: =IF(AND(E56<>"No",C56="High",F56="No"),1,0) -> 0
A57: =Assessment!A72 -> J2 | B57: J | C57: High | D57: 3 | E57: =Assessment!$C$70 -> Yes | F57: =IF(Assessment!C72="","",Assessment!C72) | G57: =IF(OR(E57="No",F57="",F57="Not Applicable"),"",IF(F57="Yes",1,IF(F57="Partially",0.5,0))) | H57: =IF(G57="",0,D57*G57) -> 0 | I57: =IF(G57="",0,D57) -> 0 | J57: =IF(AND(E57<>"No",C57="High",F57="No"),1,0) -> 0
A58: =Assessment!A73 -> J3 | B58: J | C58: High | D58: 3 | E58: =Assessment!$C$70 -> Yes | F58: =IF(Assessment!C73="","",Assessment!C73) | G58: =IF(OR(E58="No",F58="",F58="Not Applicable"),"",IF(F58="Yes",1,IF(F58="Partially",0.5,0))) | H58: =IF(G58="",0,D58*G58) -> 0 | I58: =IF(G58="",0,D58) -> 0 | J58: =IF(AND(E58<>"No",C58="High",F58="No"),1,0) -> 0
A59: =Assessment!A74 -> J4 | B59: J | C59: High | D59: 3 | E59: =Assessment!$C$70 -> Yes | F59: =IF(Assessment!C74="","",Assessment!C74) | G59: =IF(OR(E59="No",F59="",F59="Not Applicable"),"",IF(F59="Yes",1,IF(F59="Partially",0.5,0))) | H59: =IF(G59="",0,D59*G59) -> 0 | I59: =IF(G59="",0,D59) -> 0 | J59: =IF(AND(E59<>"No",C59="High",F59="No"),1,0) -> 0
A60: =Assessment!A75 -> J5 | B60: J | C60: Medium | D60: 2 | E60: =Assessment!$C$70 -> Yes | F60: =IF(Assessment!C75="","",Assessment!C75) | G60: =IF(OR(E60="No",F60="",F60="Not Applicable"),"",IF(F60="Yes",1,IF(F60="Partially",0.5,0))) | H60: =IF(G60="",0,D60*G60) -> 0 | I60: =IF(G60="",0,D60) -> 0 | J60: =IF(AND(E60<>"No",C60="High",F60="No"),1,0) -> 0
A61: =Assessment!A76 -> J6 | B61: J | C61: Medium | D61: 2 | E61: =Assessment!$C$70 -> Yes | F61: =IF(Assessment!C76="","",Assessment!C76) | G61: =IF(OR(E61="No",F61="",F61="Not Applicable"),"",IF(F61="Yes",1,IF(F61="Partially",0.5,0))) | H61: =IF(G61="",0,D61*G61) -> 0 | I61: =IF(G61="",0,D61) -> 0 | J61: =IF(AND(E61<>"No",C61="High",F61="No"),1,0) -> 0
